 Dungeon Crawl Stone Soup version 0.28.0-1-gb440e238dd (webtiles) character file.

Game seed: 14916025548991514198

22 Kaptain the Digger (level 2, -1/18 HPs)
             Began as an Octopode Earth Elementalist on Feb 20, 2022.
             Slain by a worm (12 damage)
             ... on level 2 of the Dungeon.
             The game lasted 00:02:32 (1480 turns).

Kaptain the Digger (Octopode Earth Elementalist)    Turns: 1480, Time: 00:02:35

Health: -1/18      AC:  1    Str:  7    XL:     2   Next: 91%
Magic:  0/5        EV: 13    Int: 17    God:
Gold:   68         SH:  0    Dex: 12    Spells: 4/5 levels left

rFire   . . .      SeeInvis .   e - +0 short sword
rCold   . . .      Faith    .   (no shield)
rNeg    . . .      Spirit   .   (helmet restricted)
rPois   .          Reflect  .   (no amulet)
rElec   .          Harm     .   (no ring)
rCorr   .          Rampage  .   (no ring)
Will    .....                   (no ring)
Stlth   +++.......              (no ring)
HPRegen 0.06/turn               (no ring)
MPRegen 0.09/turn               (no ring)
                                (no ring)
                                (no ring)

@: no status effects
A: almost no armour, amphibious, 8 rings, camouflage 1, gelatinous body 1,
(nimble swimmer 1), tentacles
a: no special abilities


You were on level 2 of the Dungeon.
You visited 1 branch of the dungeon, and saw 2 of its levels.

You collected 68 gold pieces.

Inventory:

Hand Weapons
 e - a +0 short sword (weapon)
Missiles
 b - 39 stones
Scrolls
 a - 3 scrolls of magic mapping {unknown}
 d - a scroll of immolation {unknown}
 f - a scroll of fear {unknown}
 g - a scroll of summoning {unknown}
 h - a scroll of enchant weapon {unknown}
Potions
 c - a potion of mutation {unknown}
 i - a potion of attraction {unknown}


   Skills:
 + Level 0.6 Fighting
 + Level 2.1 Dodging
 + Level 3.0 Stealth
 * Level 2.4 Spellcasting
 - Level 1.0 Transmutations
 * Level 3.3 Earth Magic


You had 4 spell levels left.
You knew the following spells:

 Your Spells              Type           Power      Damage    Failure   Level
a - Sandblast             Erth           26%        2d8       4%          1

Your spell library contained the following spells:

 Spells                   Type           Power      Damage    Failure   Level
 Passwall                 Tmut/Erth      7%         N/A       12%         2
 Stone Arrow              Conj/Erth      14%        3d7       28%         3
 Petrify                  Tmut/Erth      9%         N/A       58%         4


Dungeon Overview and Level Annotations

Branches:
Dungeon (2/15)

Altars:


Innate Abilities, Weirdness & Mutations

You cannot wear most types of armour.
You are amphibious.
You can wear up to eight rings at the same time.
Your skin changes colour to match your surroundings (Stealth+).
Your rubbery body absorbs attacks. (AC +1, EV +1)
((You are camouflaged when in or above water. (Stealth+)))
You have tentacles for arms and can constrict up to eight enemies at once.


Message History

Aiming: Sandblast (safe; 4% risk of failure)
Press: ? - help, Shift-Dir - straight line, f/p - worm
Aim: a worm (93% to hit)
The blast of sand hits the worm!
The worm is heavily wounded.
Casting: Sandblast (safe; 4% risk of failure)
Confirm with . or Enter, or press ? or * to list all spells.
Aiming: Sandblast (safe; 4% risk of failure)
Press: ? - help, Shift-Dir - straight line, f/p - worm
Aim: a worm (heavily wounded, 93% to hit)
The blast of sand hits the worm.
The worm is severely wounded.
The worm misses you.
Casting: Sandblast (safe; 4% risk of failure)
Confirm with . or Enter, or press ? or * to list all spells.
Aiming: Sandblast (safe; 4% risk of failure)
Press: ? - help, Shift-Dir - straight line, f/p - worm
Aim: a worm (heavily wounded, 93% to hit)
The blast of sand misses the worm.
The worm bites you!
Unknown command.
You start resting.
A worm is nearby!
Casting: Sandblast (safe; 4% risk of failure)
Confirm with . or Enter, or press ? or * to list all spells.
Aiming: Sandblast (safe; 4% risk of failure)
Press: ? - help, Shift-Dir - straight line, f/p - worm
Aim: a worm (moderately wounded, 93% to hit)
The blast of sand hits the worm!
The worm is severely wounded.
Unknown command.
Casting: Sandblast (safe; 4% risk of failure)
Confirm with . or Enter, or press ? or * to list all spells.
Aiming: Sandblast (safe; 4% risk of failure)
Press: ? - help, Shift-Dir - straight line, f/p - worm
Aim: a worm (heavily wounded, 93% to hit)
The blast of sand hits the worm!
The worm is severely wounded.
The worm bites you!
Ouch! That really hurt!
You die...

#.#.####### #.#.#. ..
#.#.##....# #.#.#. #.
#.#.##....# #.#.#. #.
#.#.##....# #.#.#. #.
#.#.##....# #.#.## #####
#.###.#.##....# #.#...
.......##..##.#.##....###.####
.........................>####
.....####.##@#.#.....##......
#.......#w#.#.............
#.....#.#.#.#......#.#<.#.
#.....#...#.#......#.#..#.
#.######..#.#.####.#.#.##. #.
#..#.#.# .#....#. # ##.#.#.#
######. ..# #. #.# ..


You could see a worm.

Vanquished Creatures
  A dart slug (D:1)
  5 goblins (D:1)
  3 hobgoblins
  3 quokkas
  A kobold (D:1)
  5 rats (D:1)
18 creatures vanquished.

Notes
Turn   | Place    | Note
-------+----------+-------------------------------------------
     0 | D:1      | Kaptain the Octopode Earth Elementalist began the quest for
                  | the Orb.
     0 | D:1      | Reached XP level 1. HP: 11/11 MP: 3/3
   334 | D:1      | Reached XP level 2. HP: 10/17 MP: 1/5
  1006 | D:1      | Found a faded altar of an unknown god.
  1480 | D:2      | Slain by a worm

Illustrated notes

Levels and vault maps discovered:
D:1:      minmay_arrival_stone_box, layout_basic,
          dilly_ecumenical_altar_fadedgnrine, serial_park_tiny_2,
          minmay_tree_intersection
D:2:      layout_basic, minmay_misc_feat_doors, uniq_jessica

Skill      XL: |  1  2 |
---------------+-------+-----
Stealth        | 3 |  3.0
Fighting       | |  0.6
Dodging        | |  2.1
Spellcasting   | |  2.4
Transmutations | |  1.0
Earth Magic    | |  3.3

Action                   || total
-------------------------++-------
Melee: Dagger            ||    12
       Constrict         ||     8
       Unarmed           ||     3
       Tentacles         ||     8
       Short sword       ||    19
 Cast: Sandblast         ||    11
 Stab: Sleeping          ||     3
Armor: Skin              ||     1
Dodge: Dodged            ||    22
